 Dungeon Crawl Stone Soup version 0.30-a0-1008-g30c9307041 (webtiles) character file.

Game seed: 9202818010614555647

240 puppykicker the Magician (level 5, 0/38 HPs)
             Began as a Demonspawn Hedge Wizard on Apr 6, 2023.
             Slain by an iguana (3 damage)
             ... on level 4 of the Dungeon.
             The game lasted 00:12:19 (3438 turns).

puppykicker the Magician (Demonspawn Hedge Wizard)  Turns: 3438, Time: 00:12:20

Health: 0/38       AC: 10    Str: 18    XL:     5   Next: 80%
Magic:  10/10      EV: 13    Int: 15    God:
Gold:   138        SH:  0    Dex: 19    Spells: 2/10 levels left

rFire   + . .      SeeInvis .    a - +0 dire flail
rCold   + . .      Faith    .    (shield currently unavailable)
rNeg    . . .      Spirit   .    i - +0 leather armour
rPois   +          Reflect  .    r - +0 helmet
rElec   +          Rampage  .    (no cloak)
rCorr   +                        (no gloves)
Will    .....                    (no boots)
Stlth   ++                       (no amulet)
HPRegen 1.26/turn                b - +6 ring of dexterity
MPRegen 0.12/turn                o - +6 ring of strength

@: resistant, sanguine armoured
A: powered by death 1, sanguine armour 1, weakness stinger 1
a: no special abilities


You were on level 4 of the Dungeon.
You visited 1 branch of the dungeon, and saw 4 of its levels.

You collected 138 gold pieces.

Inventory:

Hand Weapons
 a - a +0 dire flail (weapon)
Missiles
 k - 12 javelins (quivered)
 m - a throwing net
Armour
 i - a +0 leather armour (worn)
 r - a +0 helmet (worn)
Jewellery
 b - a +6 ring of dexterity (left hand)
 o - a +6 ring of strength (right hand)
 P - a ring of poison resistance
Scrolls
 e - 7 scrolls of identify {unknown}
 f - 2 scrolls of fear {unknown}
 g - a scroll of vulnerability {unknown}
 l - a scroll of teleportation {unknown}
 n - a scroll of magic mapping {unknown}
Potions
 d - 2 potions of magic
 h - a potion of resistance
 j - a potion of curing {unknown}
 p - a potion of lignification {unknown}
 q - a potion of attraction {unknown}


   Skills:
 + Level 1.8 Fighting
 * Level 0.1 Maces & Flails
 + Level 1.6 Armour
 + Level 2.6 Dodging
 - Level 1.7 Stealth
 + Level 3.4 Spellcasting
 + Level 2.2 Conjurations
 - Level 2.5 Summonings
 + Level 1.9 Translocations
 + Level 0.1 Air Magic
 + Level 0.0 Poison Magic


You had 2 spell levels left.
You knew the following spells:

 Your Spells              Type           Power      Damage    Failure   Level
a - Magic Dart            Conj           36%        1d4       10%         1
b - Call Imp              Summ           10%        N/A       12%         2
p - Blink                 Tloc           16%        N/A       16%         2
x - Mephitic Cloud        Conj/Pois/Air  5%         N/A       43%         3

Your spell library contained the following spells:

 Spells                   Type           Power      Damage    Failure   Level
 Slow                     Hex            8%         N/A       22%         1
 Cigotuvi's Dreadful Rot  Necr/Pois/Air  4%         N/A       32%         2


Dungeon Overview and Level Annotations

Branches:
Dungeon (4/15)
 Temple: D:4-7

Altars:
Trog


Innate Abilities, Weirdness & Mutations

You regenerate a little health from kills.
When seriously injured, your blood forms armour. (AC +6)
You have a small tail.


Message History

The phantom hits you.
The phantom blinks!
You blink.
An iguana and a ball python come into view.
Found 18 gold pieces.
Found an escape hatch in the ceiling.
You take 6 damage, and have 32/38 hp.
You completely miss the phantom. You tail-slap the phantom.
The ball python hisses angrily.
The phantom hits you. The phantom closely misses you.
You take 3 damage, and have 29/38 hp.
The iguana hisses angrily.
You thump the phantom! The phantom hits you.
Your blood congeals into armour.
You take 4 damage, and have 25/38 hp.
You completely miss the phantom. The phantom closely misses you.
You puncture the phantom!
The phantom hits you but does no damage.
The iguana closely misses you.
The phantom hits you but does no damage.
The phantom attacks as you move away! The phantom hits you.
The iguana bites you.
* * * LOW HITPOINT WARNING * * *
The ball python misses you. The ball python closely misses you.
You take 10 damage, and have 15/38 hp.
MASSIVE DAMAGE!!
Unknown command.
You barely miss the ball python. You tail-slap the ball python.
You kill the ball python!
The iguana bites you!
* * * LOW HITPOINT WARNING * * *
The phantom barely misses you.
You take 9 damage, and have 6/38 hp.
MASSIVE DAMAGE!!
The iguana bites you.
* * * LOW HITPOINT WARNING * * *
There is an escape hatch in the ceiling here.
You take 4 damage, and have 2/38 hp.
Unknown command.
It was a potion of resistance.
You feel protected. The iguana bites you.
You die...

.. ## .#.## ...
## .#..##
...#### #.....#
....... .......
.......##...$.#
..............#
..............#
.......@......#
.......lW..####
####.....####
.... #........#
...####..⌠.....#
....##........#
...##........#
#..##........#
#..##........#


You could see a phantom and an iguana.

Levels and vault maps discovered:
D:1:      lordsloth_arrival_two_stooges, layout_basic,
          hellmonk_ecumenical_altar_watching_god, minmay_worlds_worst_comb
D:2:      layout_basic, chequers_serial_rivers_micro_b
D:3:      layout_rooms, zin_statuary, trog_three_pillars_becter, uniq_robin
D:4:      layout_basic, lemuel_doored_altar, serial_shops,
          nicolae_shop_behind_doors, solitary_fountain, minmay_manual_mess

Notes
Turn   | Place    | Note
-------+----------+-------------------------------------------
     0 | D:1      | puppykicker the Demonspawn Hedge Wizard began the quest for
                  | the Orb.
     0 | D:1      | Reached XP level 1. HP: 13/13 MP: 4/4
     0 | D:1      | Identified a +0 dagger
     0 | D:1      | Identified a +0 dagger
    25 | D:1      | Identified a +0 short sword
   111 | D:1      | Identified a +0 leather armour
   190 | D:1      | Reached skill level 1 in Translocations
   300 | D:1      | Gained mutation: When seriously injured, your blood forms
                  | armour. (AC +6) [demonic ancestry]
   300 | D:1      | Reached XP level 2. HP: 20/20 MP: 0/6
   308 | D:1      | Reached skill level 2 in Dodging
   703 | D:1      | Reached XP level 3. HP: 15/25 MP: 7/7
   844 | D:1      | Found a faded altar of an unknown god.
   845 | D:1      | Noticed a shining eye
   847 | D:1      | Noticed a great orb of eyes
   852 | D:1      | Noticed a golden eye
   855 | D:1      | Noticed an eye of devastation
   886 | D:1      | Identified a +0 club
  1419 | D:2      | Reached skill level 1 in Fighting
  1481 | D:2      | Identified a +6 ring of dexterity
  1625 | D:2      | Identified a +0 dagger
  1766 | D:2      | Identified a +0 club
  1772 | D:2      | Identified a +0 whip
  2004 | D:2      | Identified a ring of poison resistance
  2053 | D:2      | Identified a +0 flail
  2056 | D:2      | Identified a +0 flail
  2056 | D:2      | Identified a +0 whip
  2057 | D:2      | Identified a +0 spear
  2069 | D:2      | Gained mutation: You have a small tail. [demonic ancestry]
  2069 | D:2      | Reached XP level 4. HP: 20/32 MP: 8/8
  2071 | D:2      | HP: 5/32 [gnoll/+0 flail (9)]
  2072 | D:2      | Reached skill level 1 in Armour
  2073 | D:2      | Identified 2 potions of heal wounds
  2395 | D:2      | Identified a +0 club
  2412 | D:2      | Reached skill level 2 in Summonings
  2434 | D:2      | Identified a +0 dire flail
  2438 | D:2      | Identified a +0 club
  2551 | D:3      | Identified a +6 ring of strength
  2578 | D:3      | Identified a +0 dagger
  2578 | D:3      | Identified a +0 leather armour
  2580 | D:3      | Identified a +0 club
  2588 | D:3      | Found a bloodstained altar of Trog.
  2646 | D:3      | Noticed a phantom
  2653 | D:3      | Identified a +1 dagger of electrocution
  2653 | D:3      | Identified a +0 leather armour
  2666 | D:3      | HP: 6/32 [orc/+1 dagger of electrocution (3)]
  2668 | D:3      | Killed a phantom
  2669 | D:3      | Reached skill level 2 in Conjurations
  2669 | D:3      | Gained mutation: You regenerate a little health from kills.
                  | [demonic ancestry]
  2669 | D:3      | Reached XP level 5. HP: 7/38 MP: 10/10
  2802 | D:3      | Identified a +0 club
  2802 | D:3      | Identified a +0 dagger
  2802 | D:3      | Identified a +0 trident
  2802 | D:3      | Identified a +0 animal skin
  2802 | D:3      | Identified a +0 helmet
  2802 | D:3      | Noticed Robin
  2802 | D:3      | Identified a +0 dagger
  2802 | D:3      | Identified a +0 club
  2820 | D:3      | Identified a +1 vampiric dagger
  2820 | D:3      | Identified a +0 sling
  2826 | D:3      | Identified a +0 dagger
  2873 | D:3      | Identified a +0 club
  2874 | D:3      | Identified a +0 dagger
  2904 | D:3      | Identified a +0 whip
  2989 | D:3      | Learned a level 2 spell: Blink
  2992 | D:3      | Learned a level 2 spell: Call Imp
  2996 | D:3      | Learned a level 3 spell: Mephitic Cloud
  3000 | D:3      | Identified a +0 club
  3001 | D:3      | Identified a +0 dagger
  3096 | D:3      | Killed Robin
  3165 | D:3      | Identified a +0 short sword
  3424 | D:4      | Identified a +0 dagger
  3425 | D:4      | Identified a +0 dagger
  3426 | D:4      | Noticed a phantom
  3436 | D:4      | HP: 6/38 [iguana (10)]
  3437 | D:4      | HP: 2/38 [iguana (6)]
  3438 | D:4      | Identified 2 potions of resistance
  3438 | D:4      | Slain by an iguana

Table legend: (Time is in decaauts)
 A = Elapsed time spent in this place.
 B = Non-inter-level travel time spent in this place.
 C = Inter-level travel time spent in this place.
 D = Time resting spent in this place.
 E = Time spent auto-exploring this place.
 F = Levels seen in this place.
 G = Mean time per level.
                   A        B        C        D        E       F      G
               +--------+--------+--------+--------+--------+-----+--------+
         Total |   3469 |   3335 |    134 |    825 |   1636 |   4 |  867.2 |
       Dungeon |   3469 |   3335 |    134 |    825 |   1636 |   4 |  867.2 |
               +--------+--------+--------+--------+--------+-----+--------+

Top non-repeatable levels by time:
     D:1: 1408 daAuts
     D:2: 1183 daAuts
     D:3: 831 daAuts
     D:4: 46 daAuts

Table legend:
 A = Kills in this place as a percentage of kills in the entire game.
 B = Kills by you in this place as a percentage of kills by you in the entire game.
 C = Kills by friends in this place as a percentage of kills by friends in the entire game.
 D = Other kills in this place as a percentage of other kills in the entire game.
 E = Experience gained in this place as a percentage of experience gained in the entire game.
 F = Experience gained in this place divided by the number of levels of this place that you have seen.
                   A       B       C       D       E      F
               +-------+-------+-------+-------+-------+----------------------
         Total | 100.0 | 100.0 |   N/A |   N/A | 100.0 |  86.0
       Dungeon | 100.0 | 100.0 |   N/A |   N/A | 100.0 |  86.0
               +-------+-------+-------+-------+-------+----------------------

Skill      XL: |  1  2  3  4 |
---------------+-------------+-----
Translocations | 1 |  1.9
Dodging        | 2 |  2.6
Fighting       | 1 |  1.8
Armour         | 1 |  1.6
Summonings     | 2 |  2.5
Conjurations   | 2 |  2.2
Maces & Flails | |  0.1
Stealth        | |  1.7
Spellcasting   | |  3.4
Air Magic      | |  0.1

Action                     |  1- 3 |  4- 6 || total
---------------------------+-------+-------++-------
  Melee: Short sword       |   221 |    27 ||   248
         Dagger            |     2 |       ||     2
         Punch             |     1 |       ||     1
         Dire flail        |       |   103 ||   103
         Tailslap          |       |    23 ||    23
  Throw: Javelin           |     1 |     4 ||     5
   Cast: Magic Dart        |     8 |       ||     8
    Use: Potion            |       |     3 ||     3
   Stab: Sleeping          |     4 |     2 ||     6
 Armour: Leather armour    |    72 |    66 ||   138
         Robe              |     2 |       ||     2
  Dodge: Dodged            |   146 |   125 ||   271

Vanquished Creatures
  A phantom (D:3)
  Robin (D:3)
  4 gnolls (D:2)
  An adder (D:3)
  3 worms (D:2)
  3 dart slugs
  2 orcs
  6 endoplasms
  6 giant cockroaches
  16 goblins
  6 hobgoblins
  10 jackals
  3 quokkas
  5 ball pythons
  7 bats
  3 frilled lizards
  6 kobolds
  5 rats
88 creatures vanquished.
